 Dungeon Crawl Stone Soup version 0.30-a0-778-g2ef04afb54 (webtiles) character file.

Game seed: 9368735055368924720

76 Ceno the Vexing (level 4, -2/32 HPs)
             Began as a Barachi Hexslinger on Feb 17, 2023.
             Killed from afar by an orc wizard (4 damage)
             ... with a puff of flame
             ... on level 3 of the Dungeon.
             The game lasted 00:06:22 (1929 turns).

Ceno the Vexing (Barachi Hexslinger)                Turns: 1929, Time: 00:06:22

Health: -2/32      AC:  4    Str: 11    XL:     4   Next: 32%
Magic:  5/5        EV: 12    Int: 13    God:
Gold:   215        SH:  0    Dex: 15    Spells: 1/5 levels left

rFire   . . .      SeeInvis .    a - +1 sling
rCold   . . .      Faith    .    (no shield)
rNeg    . . .      Spirit   .    c - +0 robe
rPois   .          Reflect  .    (no helmet)
rElec   .          Harm     .    e - +0 cloak
rCorr   .          Rampage  .    p - +0 pair of gloves
Will    .....                    (no boots)
Stlth   +                        (no amulet)
HPRegen 0.25/turn                (no ring)
MPRegen 0.09/turn                (no ring)

@: confused, slow
A: amphibious, slowness 1, strong legs 1, +LOS
a: Hop


You were on level 3 of the Dungeon.
You visited 1 branch of the dungeon, and saw 3 of its levels.

You collected 215 gold pieces.

Inventory:

Hand Weapons
 a - a +1 sling (weapon)
Armour
 c - a +0 robe (worn)
 e - a +0 cloak (worn)
 p - a +0 pair of gloves (worn)
Scrolls
 j - a scroll of fog {unknown}
 l - a scroll of magic mapping
 m - 2 scrolls of amnesia
 o - 2 scrolls of identify
Potions
 d - a potion of resistance
 f - a potion of mutation
 g - 2 potions of curing
 h - a potion of haste
 i - a potion of attraction
 k - a potion of invisibility {unknown}
 n - a potion of flight {unknown}


   Skills:
 - Level 1.2 Fighting
 + Level 3.0 Ranged Weapons
 - Level 2.1 Dodging
 - Level 1.1 Spellcasting
 * Level 4.9 Hexes


You had one spell level left.
You knew the following spells:

 Your Spells              Type           Power      Damage    Failure   Level
a - Slow                  Hex            52%        N/A       3%          1
b - Inner Flame           Hex/Fire       7%         N/A       30%         3

Your spell library contained the following spells:

 Spells                   Type           Power      Damage    Failure   Level
 Portal Projectile        Hex/Tloc       14%        N/A       30%         3
 Cause Fear               Hex            6%         N/A       36%         4


Dungeon Overview and Level Annotations

Branches:
Dungeon (3/15)

Altars:

Annotations:
D:2 Terence


Innate Abilities, Weirdness & Mutations

You are amphibious.
You cover ground slowly.
You can hop short distances.
You have an extended range of vision and can be seen from far away.


Message History

You shoot a sling bullet. Something hits you.
* * * LOW HITPOINT WARNING * * *
You shoot a sling bullet. Something hits you.
* * * LOW HITPOINT WARNING * * *
You shoot a sling bullet. Something hits you but does no damage.
You shoot a sling bullet.
You hear some strange, mumbled words.
You are confused.
Something hits you.
* * * LOW HITPOINT WARNING * * *
You are too confused!
You bump into the rock wall.
Something hits you.
* * * LOW HITPOINT WARNING * * *
You hear some strange, mumbled words.
Something tries to affect you, but you resist.
You hear some strange, mumbled words.
You are more confused.
Something barely misses you.
You bump into the rock wall.
Something hits you but does no damage.
You hear some strange, mumbled words.
A puff of flame appears from out of thin air!
The puff of flame misses you.
You are too confused!
You feel less confused.
Really read the scroll of poison?
You can't even see any enemies this would affect.
The air fills with toxic fumes!
As you read the scroll of poison, it crumbles to dust.
You hear some strange, mumbled words.
You are confused.
You clumsily bash something but do no damage.
An orc wizard appears from thin air!
Reactivating autopickup.
The orc wizard hits you but does no damage.
You completely miss the orc wizard.
The orc wizard is heavily wounded.
The orc wizard hits you with a +0 dagger.
* * * LOW HITPOINT WARNING * * *
The orc wizard casts a spell at you. The puff of flame hits you.
You die...

#.§§§§####......#####
######.§§§§§.)............
#.......§§§#######..######
#.####..§§§# ##....# #.#
#..§§§####....## #.#
####§§........# #.# #§#####...##
#.# #o######§## ########.#####
#@§§§§§§§§#
#............##########§§#
#.########.#.#.....)..<..#
#.#......#.#.#.########.##
#.#.####.#.#.#.# #.#
#.#.#).#.#.#.#.# *#.#####****
#.#.#).#.#.#.#.#######.......,,,,
#.#.#.##.#.#.#.....†.........,**,
#.#.#....#.#.#######.......#*,***


You could see an orc wizard.

Vanquished Creatures
  An adder (D:2)
  A dart slug (D:2)
  4 orcs (D:3)
  4 ball pythons
  4 bats (D:1)
  6 endoplasms
  A giant cockroach (D:1)
  7 hobgoblins
  2 jackals (D:2)
  6 kobolds (D:1)
  3 quokkas
  6 frilled lizards
  5 goblins
  3 rats (D:1)
53 creatures vanquished.

Vanquished Creatures (others)
  7 plants (D:3)
7 creatures vanquished.

Grand Total: 60 creatures vanquished

Notes
Turn   | Place    | Note
-------+----------+-------------------------------------------
     0 | D:1      | Ceno the Barachi Hexslinger began the quest for the Orb.
     0 | D:1      | Reached XP level 1. HP: 15/15 MP: 2/2
   137 | D:1      | Reached XP level 2. HP: 21/21 MP: 1/3
   344 | D:1      | Reached skill level 4 in Hexes
   439 | D:1      | Reached XP level 3. HP: 26/26 MP: 4/4
   994 | D:2      | Noticed Terence
  1117 | D:2      | Learned a level 3 spell: Inner Flame
  1193 | D:2      | Reached XP level 4. HP: 32/32 MP: 5/5
  1917 | D:3      | HP: 1/32 [something (3)]
  1929 | D:3      | Killed from afar by an orc wizard

Illustrated notes

Levels and vault maps discovered:
D:1:      minmay_arrival_up_and_down, layout_loops_ring
D:2:      layout_basic, hangedman_abyss_or_decor_stabs, uniq_terence
D:3:      layout_loops_ring, minivault_5, serial_bayou_ford_a, uniq_ijyb,
          uniq_grinder

Skill      XL: |  1  2  3  4 |
---------------+-------------+-----
Hexes          | 4 |  4.9
Ranged Weapons | 3 |  3.0
Fighting       | |  1.2
Dodging        | |  2.1
Spellcasting   | |  1.1

Action                     |  1- 3 |  4- 6 || total
---------------------------+-------+-------++-------
  Melee: Sling             |       |     8 ||     8
   Fire: Sling             |   122 |    71 ||   193
   Cast: Slow              |     8 |     3 ||    11
Ability: Hop               |     3 |     2 ||     5
    Use: Scroll            |     3 |     5 ||     8
 Armour: Robe              |     9 |    23 ||    32
  Dodge: Dodged            |    29 |    20 ||    49

Table legend: (Time is in decaauts)
 A = Elapsed time spent in this place.
 B = Non-inter-level travel time spent in this place.
 C = Inter-level travel time spent in this place.
 D = Time resting spent in this place.
 E = Time spent auto-exploring this place.
 F = Levels seen in this place.
 G = Mean time per level.
                   A        B        C        D        E       F      G
               +--------+--------+--------+--------+--------+-----+--------+
         Total |   2287 |   2193 |     94 |     67 |   1549 |   3 |  762.3 |
       Dungeon |   2287 |   2193 |     94 |     67 |   1549 |   3 |  762.3 |
               +--------+--------+--------+--------+--------+-----+--------+

Top non-repeatable levels by time:
     D:1: 993 daAuts
     D:2: 974 daAuts
     D:3: 319 daAuts
